 Dungeon Crawl Stone Soup version 0.15.0-22-g71df38d (console) character file.

12772 rchandra the Grappler (level 11, -4/113 HPs)
             Began as a Troll Summoner on Sept 7, 2014.
             Engulfed by an ice statue's freezing vapour (7 damage)
             ... in an ice cave.
             The game lasted 00:27:35 (10409 turns).

rchandra the Grappler (Troll Summoner)             Turns: 10409, Time: 00:27:35

HP  -4/113       AC  8     Str 18      XL: 11   Next: 66%
MP   7/7         EV 13     Int 14      God:
Gold 839         SH  0     Dex 10      Spells:  2 memorised,  8 levels left

rFire  . . .     SeeInvis .       - Unarmed
rCold  + . .     Clarity  .     S - +2 robe {rC+}
rNeg   . . .     rCorr    .     (shield restricted)
rPois  +         rRot     .     (helmet restricted)
rElec  .         Spirit   .     h - +0 cloak
SustAb .         Warding  .     (gloves unavailable)
rMut   .         Stasis   .     (boots unavailable)
Gourm  +                        (no amulet)
MR     .....                    w - ring of poison resistance
                                p - +4 ring of evasion

@: not resistant to hostile enchantments, very unstealthy
A: unfitting armour, claws 3, fast metabolism 3, gourmand, regeneration 2,
saprovore 2, shaggy fur 1, tough skin 2
a: no special abilities


You were in an ice cave.
You were full.

You visited 2 branches of the dungeon, and saw 13 of its levels.
You also visited: Ice Cave.

You collected 857 gold pieces.
You spent 18 gold pieces at shops.

Inventory:

Hand weapons
 P - a +0 blowgun
Missiles
 e - 96 stones (quivered)
 y - 10 tomahawks
 A - 10 poisoned tomahawks
 I - 3 tomahawks of returning
 U - 3 large rocks
Armour
 h - a +0 cloak (worn)
 S - a +2 robe of cold resistance (worn)
   (You bought it in a shop on level 11 of the Dungeon)
Comestibles
 c - 5 meat rations
 n - 31 fruits
 q - 3 beef jerkies
 r - 6 bread rations
 D - 2 royal jellies
Jewellery
 i - an uncursed amulet of warding {unknown}
   (You found it on level 1 of the Dungeon)
 p - a +4 ring of evasion (left claw)
   (You found it on level 2 of the Dungeon)
 w - a ring of poison resistance (right claw)
   (You found it on level 4 of the Dungeon)
 H - a +4 ring of dexterity {unknown}
   (You found it on level 6 of the Dungeon)
 K - an uncursed ring of invisibility {unknown}
   (You found it on level 8 of the Dungeon)
Potions
 a - a potion of brilliance {unknown}
Books
 b - a book of Callings

   Spells                             Type                      Level
   *Summon Small Mammal               Summoning                    1
   Call Imp                           Summoning                    2
   *Call Canine Familiar              Summoning                    3
   Summon Guardian Golem              Hexes/Summoning              4
   Summon Lightning Spire             Summoning/Air                4
   Summon Ice Beast                   Ice/Summoning                4
 J - a book of Debilitation

   Spells                             Type                      Level
   Corona                             Hexes                        1
   Slow                               Hexes                        2
   Inner Flame                        Hexes/Fire                   3
   Enslavement                        Hexes                        4
   Cause Fear                         Hexes                        4
   Leda's Liquefaction                Hexes/Earth                  4


   Skills:
 + Level 8.9 Fighting
 - Level 1.5 Dodging
 - Level 1.1 Stealth
 * Level 14.8 Unarmed Combat
 - Level 1.2 Spellcasting
 - Level 2.9 Summonings


You had 8 spell levels left.
You knew the following spells:

 Your Spells              Type           Power        Failure   Level  Hunger
k - Call Canine Familiar  Summ           #.......     24%         3    ####...
y - Summon Small Mammal   Summ           #...         10%         1    ##.....


Dungeon Overview and Level Annotations

Branches:
Dungeon (12/15)            Temple (0/1) D:5            Lair (1/8) D:11
    Orc: D:9-12

Altars:
Ashenzari
Fedhas
Makhleb
Okawaru
Sif Muna
Xom
The Shining One

Shops:
D:11 [

Annotations:
IceCv exclusion: 3 ice statues


Innate Abilities, Weirdness & Mutations

You are too large for most types of armour.
You have claws for hands.
Your metabolism is lightning-fast.
You like to eat raw meat.
You heal very quickly.
You can eat rotten meat.
You are covered in fur (AC +1).
You have very tough skin (AC +2).


Message History

The ice beast closely misses you. The ice beast hits you.
* * * LOW HITPOINT WARNING * * *
The ice beast freezes you. You resist.
* * * LOW HITPOINT WARNING * * *
The ice statue glitters chillingly in the dim dungeon light.
The ice statue throws cold at you.
The bolt of cold hits the ice beast.
The ice beast completely resists.
The bolt of cold hits you! You resist.
* * * LOW HITPOINT WARNING * * *
Huge Dmg: -29%(-32hp) hp: 10%(11hp)
You are engulfed in freezing vapours.
You resist.
* * * LOW HITPOINT WARNING * * *
The ice beast hits you but does no damage.
The ice statue throws cold at you. The freezing blast hits you! You resist.
* * * LOW HITPOINT WARNING * * *
The freezing blast misses the ice beast.
Huge Dmg: -7%(-8hp) hp: 3%(3hp)
You are engulfed in freezing vapours.
You resist.
You die...

###.###
##.....##
##.......##
#.........#
#.........#
#.........#
#.........#
#.).....(.#
#####T#####
#8☺YY☺☺..8#
#..☺Y☺Y...#
#...☺Y....#
#.........#
#.........#
##.......##
##.....##
###8###


You could see 3 ice statues and 5 ice beasts.

Vanquished Creatures
  The ghost of MorganLeah the Carver, an experienced OpSk of Makhleb (D:8)
  3 hill giants (D:10 D:11)
  An unseen horror (D:11)
  An ugly thing (D:11)
  A manticore (D:11)
  A centaur zombie (D:11)
  4 trolls (D:11)
  4 wandering mushrooms (D:9)
  A hill giant zombie (D:11)
  A yak (D:11)
  A wyvern (D:9)
  A hungry ghost (D:11)
  2 wraiths (D:10 D:11)
  A steam dragon (D:10)
  A hill giant skeleton (D:10)
  A water moccasin (shapeshifter) (D:11)
  A vampire mosquito (D:11)
  A water moccasin (Lair:1)
  A porcupine (D:11)
  10 ice beasts (D:8 D:9 IceCv)
  8 orc warriors (D:9 D:11)
  5 ogres (D:6 D:8 D:9 D:11)
  A phantom (D:4)
  A black bear (D:8)
  A necrophage (D:9)
  2 centaurs (D:9 D:10)
  Sigmund (D:5)
  6 big kobolds (D:8)
  4 giant frogs (D:6 D:10)
  Blork the orc (D:5)
  7 scorpions (D:4 D:5 D:6 D:8 D:9)
  A hippogriff zombie (D:11)
  2 oklob saplings (D:9)
  14 killer bees (D:8 D:9 D:10)
  6 crimson imps (D:5 D:6 D:7 D:8 D:9)
  2 goliath beetles (D:6 D:9)
  A quasit (D:11)
  8 jellies (D:5 D:6 D:7 D:10 D:11)
  A giant frog zombie (D:11)
  2 orc priests (D:10)
  2 hounds (D:6 D:11)
  4 iguanas (D:6 D:7 D:9)
  6 orc wizards (D:9 D:10)
  7 worker ants (D:4 D:5 D:8 D:9)
  An elf skeleton (D:11)
  2 orange rats (D:11)
  A sky beast zombie (D:6)
  A mottled dragon skeleton (D:11)
  A hound skeleton (D:9)
  3 green rats (D:11)
  2 orc zombies (D:7 D:9)
  16 adders (D:2 D:3 D:7 D:8 D:9)
  12 white imps (D:11 D:12)
  5 giant mites (D:4 D:6 D:7 D:8)
  4 shadow imps (D:8 D:9 D:11)
  3 worms (D:2 D:1 D:5)
  An orc skeleton (D:6)
  2 giant geckos (D:6)
  51 orcs (D:3 D:6 D:7 D:8 D:9)
  14 bats (D:1 D:2 D:4 D:5 D:6)
  A bat skeleton (D:4)
  15 goblins (D:1 D:2 D:3 D:4 D:5)
  11 hobgoblins (D:1 D:2 D:4 D:5 D:8)
  14 jackals (D:1 D:3 D:5 D:6)
  4 quokkas (D:6 D:8 D:11)
  A ball python (D:2)
  8 giant cockroaches (D:1 D:2 D:4 D:5)
  5 giant newts (D:1 D:3 D:4 D:6)
  A goblin zombie (D:5)
  28 kobolds (D:1 D:2 D:3 D:5 D:6)
  13 rats (D:2 D:3 D:4 D:6 D:8)
  A rat skeleton (D:5)
  A bush (D:1)
353 creatures vanquished.

Notes
Turn   | Place    | Note
--------------------------------------------------------------
     0 | D:1      | rchandra, the Troll Summoner, began the quest for the Orb.
     0 | D:1      | Reached XP level 1. HP: 16/16 MP: 2/2
   224 | D:1      | Reached skill level 1 in Unarmed Combat
   312 | D:1      | Reached XP level 2. HP: 24/26 MP: 2/2
   496 | D:1      | Reached skill level 1 in Fighting
   864 | D:2      | Reached skill level 2 in Unarmed Combat
   864 | D:2      | Reached XP level 3. HP: 31/33 MP: 3/3
   867 | D:2      | Huge Dmg: 9 dmg
   882 | D:1      | Huge Dmg: 3 dmg
  1216 | D:2      | Reached skill level 3 in Unarmed Combat
  1216 | D:2      | Reached XP level 4. HP: 28/41 MP: 4/4
  1416 | D:2      | Huge Dmg: 7 dmg
  2308 | D:3      | Reached skill level 4 in Unarmed Combat
  2308 | D:3      | Reached XP level 5. HP: 49/49 MP: 4/4
  2552 | D:4      | Reached skill level 2 in Fighting
  2795 | D:4      | Noticed a phantom
  2804 | D:4      | Found a deep blue altar of Sif Muna.
  2819 | D:4      | Reached skill level 5 in Unarmed Combat
  2819 | D:4      | Reached XP level 6. HP: 57/59 MP: 5/5
  2825 | D:4      | Found an iron altar of Okawaru.
  2829 | D:4      | Killed a phantom
  3440 | D:5      | Entered Level 5 of the Dungeon
  3471 | D:5      | Reached skill level 3 in Fighting
  3488 | D:5      | Reached skill level 6 in Unarmed Combat
  3488 | D:5      | Reached XP level 7. HP: 60/67 MP: 5/5
  3496 | D:5      | Found a shattered altar of Ashenzari.
  3579 | D:5      | Noticed Blork the orc
  3588 | D:5      | Killed Blork the orc
  3596 | D:5      | Found a staircase to the Ecumenical Temple.
  3870 | D:5      | Noticed Sigmund
  3888 | D:5      | Huge Dmg: 13 dmg
  3889 | D:5      | Killed Sigmund
  4280 | D:6      | Reached skill level 7 in Unarmed Combat
  4403 | D:6      | Reached skill level 4 in Fighting
  4403 | D:6      | Reached XP level 8. HP: 57/78 MP: 6/6
  4442 | D:6      | Found a glowing golden altar of the Shining One.
  4481 | D:6      | Huge Dmg: 23 dmg
  4485 | D:6      | Reached skill level 8 in Unarmed Combat
  4497 | D:6      | Huge Dmg: 13 dmg
  5008 | D:7      | Found a shimmering altar of Xom.
  5260 | D:8      | Reached skill level 9 in Unarmed Combat
  5458 | D:8      | Found a blossoming altar of Fedhas.
  5520 | D:8      | Reached skill level 5 in Fighting
  5529 | D:8      | Noticed MorganLeah's ghost (experienced OpSk)
  5540 | D:8      | Killed MorganLeah's ghost
  5540 | D:8      | Reached skill level 10 in Unarmed Combat
  5540 | D:8      | Reached XP level 9. HP: 69/89 MP: 7/7
  5703 | D:8      | Reached skill level 6 in Fighting
  6063 | D:8      | Reached skill level 11 in Unarmed Combat
  6141 | D:8      | Got a bloodstained morningstar
  6419 | D:9      | Found a burning altar of Makhleb.
  6747 | D:9      | Huge Dmg: 32 dmg
  6749 | D:9      | Huge Dmg: 17 dmg
  7001 | D:9      | Huge Dmg: 20 dmg
  7006 | D:9      | Huge Dmg: 17 dmg
  7158 | D:9      | Reached XP level 10. HP: 60/100 MP: 7/7
  7280 | D:9      | Huge Dmg: 17 dmg
  7281 | D:9      | Huge Dmg: 11 dmg
  7286 | D:9      | Huge Dmg: 16 dmg
  7288 | D:9      | Huge Dmg: 10 dmg
  7421 | D:9      | Reached skill level 12 in Unarmed Combat
  7432 | D:9      | Learned a level 3 spell: Call Canine Familiar
  7496 | D:9      | Reached skill level 7 in Fighting
  7785 | D:9      | Found a blossoming altar of Fedhas.
  8027 | D:10     | Entered Level 10 of the Dungeon
  8434 | D:10     | Reached skill level 13 in Unarmed Combat
  8522 | D:10     | Noticed a hill giant
  8526 | D:10     | Huge Dmg: 23 dmg
  8527 | D:10     | Huge Dmg: 16 dmg
  8529 | D:10     | Huge Dmg: 28 dmg
  8534 | D:10     | Killed a hill giant
  9019 | D:11     | Noticed a manticore
  9028 | D:11     | Huge Dmg: 26 dmg
  9029 | D:11     | Huge Dmg: 14 dmg
  9030 | D:11     | Huge Dmg: 22 dmg
  9031 | D:11     | Killed a manticore
  9098 | D:11     | Reached XP level 11. HP: 81/111 MP: 7/7
  9120 | D:11     | Noticed a five-headed hydra
  9133 | D:11     | Reached skill level 8 in Fighting
  9158 | D:10     | Huge Dmg: 30 dmg
  9224 | D:11     | Noticed a hill giant
  9229 | D:11     | Killed a hill giant
  9289 | D:11     | Found a staircase to the Lair.
  9397 | D:11     | Noticed a white ugly thing
  9407 | D:11     | Huge Dmg: 44 dmg
  9410 | D:11     | Killed a white ugly thing
  9410 | D:11     | Reached skill level 14 in Unarmed Combat
  9638 | D:11     | Noticed a hill giant
  9646 | D:11     | Huge Dmg: 24 dmg
  9648 | D:11     | Huge Dmg: 20 dmg
  9648 | D:11     | Killed a hill giant
  9757 | D:11     | Killed an unseen horror
  9973 | D:11     | Found Biclaj's Antique Armour Boutique.
 10001 | Lair:1   | Entered Level 1 of the Lair of Beasts
 10035 | D:12     | Found a frozen archway.
 10064 | D:11     | Bought a runed robe for 18 gold pieces
 10203 | IceCv    | Entered an ice cave
 10312 | IceCv    | Noticed an ice statue
 10312 | IceCv    | Noticed an ice statue
 10312 | IceCv    | Noticed an ice statue
 10404 | IceCv    | Huge Dmg: 23 dmg
 10407 | IceCv    | Huge Dmg: 15 dmg
 10408 | IceCv    | Huge Dmg: 32 dmg
 10408 | IceCv    | HP: 3/113 [ice statue/freezing blast (5)]
 10409 | IceCv    | Huge Dmg: 8 dmg
 10409 | IceCv    | Engulfed by an ice statue's freezing vapour

Action                   |  1- 3 |  4- 6 |  7- 9 | 10-12 || total
-------------------------+-------+-------+-------+-------++-------
Melee: Unarmed           |   156 |   185 |   432 |   453 ||  1226
Throw: Stone             |     6 |     2 |    38 |    13 ||    59
       Tomahawk          |       |       |     3 |       ||     3
 Stab: Sleeping          |     2 |       |     2 |     1 ||     5
  Eat: Chunk             |    14 |    20 |    37 |    27 ||    98

Vault maps used:
D:1:      eino_arrival_water_cross, serial_forest,
          infiniplex_forest_clump_small, infiniplex_forest_clump_tiny,
          infiniplex_forest_diagonal, infiniplex_forest_lined_3,
          infiniplex_forest_clump_curved, infiniplex_forest_pool, minivault_5
D:2:      kennysheep_big_flooded_room, minmay_misc_feat_more_columns
D:4:      grunt_temple_overflow_open
D:5:      evilmike_ruin_ashenzari, minmay_temple_entry_trees, first_bread,
          uniq_sigmund, uniq_blork_the_orc
D:6:      kennysheep_mini_moat
D:7:      xom_teletrap_fun
D:8:      basic_altar, special_room
D:9:      special_room, hangedman_tree_tricks, makhleb_blood_cavern_becter
D:11:     minmay_curly_fans, dpeg_lair_monsters, serial_shops,
          nicolae_shop_overgrown_old_shop
D:12:     minmay_quarter_circles, portal_ice_cave_entry_imps, serial_shops, shop
Lair:1:   wad_woods_01, grunt_megastairs_4, infiniplex_staircase_pool_2
IceCv:    ice_cave_statue_garden_02
